 Dungeon Crawl Stone Soup version 0.17-a0-1769-g54adf96 (webtiles) character file.

220 Magnus the Skirmisher (level 5, -1/42 HPs)
             Began as a Mummy Gladiator on Sept 7, 2015.
             Slain by a worker ant (6 damage)
             ... on level 4 of the Dungeon.
             The game lasted 00:08:03 (3861 turns).

Magnus the Skirmisher (Mummy Gladiator)             Turns: 3861, Time: 00:08:03

Health: -1/42      AC:  4    Str: 18    XL:     5   Next: 64%
Magic:  5/5        EV: 13    Int: 11    God:
Gold:   157        SH:  0    Dex: 13    Spells: 0 memorised, 4 levels left

rFire  x . .     SeeInvis .     a - +0 long sword
rCold  + . .     Clarity  .     b - +0 leather armour
rNeg   + + +     SustAt   .     (no shield)
rPois  ∞         Gourm    .     c - +0 helmet
rElec  .         Spirit   .     (no cloak)
rCorr  .         Warding  .     (no gloves)
rMut   .         Stasis   .     (no boots)
MR     .....                    (no amulet)
Stlth  +.........               e - +3 ring of intelligence
                                (no ring)

@: not resistant to hostile enchantments, very unstealthy
A: no food or potions, fire vulnerability, cold resistance 1, negative energy
resistance 3, torment resistance, unbreathing
a: no special abilities


You were on level 4 of the Dungeon.
You were not hungry.

You visited 1 branch of the dungeon, and saw 4 of its levels.

You collected 157 gold pieces.

Inventory:

Hand weapons
 a - a +0 long sword (weapon)
Missiles
 d - 2 throwing nets (quivered)
Armour
 b - a +0 leather armour (worn)
 c - a +0 helmet (worn)
Jewellery
 e - a +3 ring of intelligence (right hand)
 g - an uncursed ring of teleportation
 h - an uncursed ring of sustain attributes
Scrolls
 f - 2 scrolls of identify
 i - a scroll of teleportation
 j - a scroll of blinking {unknown}
 k - a scroll of remove curse


   Skills:
 + Level 3.7 Fighting
 + Level 3.5 Long Blades
 - Level 1.5 Throwing
 + Level 3.7 Dodging


You had 4 spell levels left.
You didn't know any spells.

Dungeon Overview and Level Annotations

Branches:
Dungeon (4/15)
 Temple: D:4-7

Altars:
Elyvilon
Yredelemnul
The Shining One


Innate Abilities, Weirdness & Mutations

You do not eat or drink.
Your flesh is vulnerable to fire.
You are immune to poison.
Your flesh is cold resistant.
You are immune to negative energy.
You are immune to unholy pain and torment.
You can survive without breathing.


Message History

You are too injured to fight recklessly!
You are too injured to fight recklessly!
You are too injured to fight recklessly!
You are too injured to fight recklessly!
You are too injured to fight recklessly!
You are too injured to fight recklessly!
You barely miss the worker ant.
The worker ant is severely wounded.
The worker ant misses you.
You hit the worker ant but do no damage.
The worker ant is severely wounded.
The worker ant completely misses you. The worker ant barely misses you.
You barely miss the worker ant.
The worker ant is severely wounded.
The worker ant bites you.
* * * LOW HITPOINT WARNING * * *
You barely miss the worker ant.
The worker ant is severely wounded.
The worker ant bites you.
You die...

#..# #..# #..#####
#......# ##.###<#
#. ##.#.##.#
#..##.###.#.#
###..#..)#(##.#
...........##@##
..........#a..#
#..........#...#
##......##...#.#
...#....###.##.# #
##.#.# #.##.#
#######.#.# #.##.#
#.........# #.##.#
#..####.†####.##.#


You could see a worker ant.

Vanquished Creatures
  An ogre (D:4)
  A hound (D:4)
  4 adders
  A worm (D:3)
  4 giant geckos
  8 hobgoblins
  3 kobolds
  A quokka (D:2)
  10 bats
  3 giant cockroaches (D:3)
  5 giant newts
  11 goblins
  7 jackals
  8 rats
67 creatures vanquished.

Notes
Turn   | Place    | Note
--------------------------------------------------------------
     0 | D:1      | Magnus the Mummy Gladiator began the quest for the Orb.
     0 | D:1      | Reached XP level 1. HP: 16/16 MP: 1/1
   400 | D:1      | Reached XP level 2. HP: 13/22 MP: 2/2
  1470 | D:2      | Reached XP level 3. HP: 28/28 MP: 3/3
  1668 | D:2      | Reached skill level 3 in Dodging
  1945 | D:2      | Found a basalt altar of Yredelemnul.
  1959 | D:2      | Noticed a profane servitor
  2208 | D:2      | Found a glowing golden altar of the Shining One.
  2908 | D:2      | Noticed an angel
  2949 | D:3      | Reached XP level 4. HP: 34/34 MP: 4/4
  3039 | D:3      | Found a white marble altar of Elyvilon.
  3747 | D:4      | Noticed an ogre
  3760 | D:4      | Killed an ogre
  3760 | D:4      | Reached XP level 5. HP: 39/41 MP: 5/5
  3861 | D:4      | Slain by a worker ant

Vault maps used:
D:1:      grunt_arrival_crossed_arrows
D:2:      grunt_temple_overflow_holy_war
D:3:      nicolae_overflow_crystal_walls, first_bread, bh_walls_and_bars

Action                   |  1- 3 |  4- 6 || total
-------------------------+-------+-------++-------
Melee: Long sword        |   167 |    88 ||   255
Throw: Throwing net      |       |     1 ||     1
  Use: Scroll            |     4 |     1 ||     5
 Stab: Sleeping          |     1 |     1 ||     2
       Held in net/web   |       |     1 ||     1
